 Dungeon Crawl Stone Soup version 0.27.1-33-g824d729ab1 (webtiles) character file.

Game seed: 13376030639310753655

1007 potato4science the Ducker (level 8, 0/62 HPs)
             Began as a Formicid Fighter on Dec 24, 2021.
             Slain by a gnoll (5 damage)
             ... on level 5 of the Dungeon.
             The game lasted 00:23:38 (5748 turns).

potato4science the Ducker (Formicid Fighter)        Turns: 5748, Time: 00:23:39

Health: 0/62       AC: 11    Str: 20    XL:     8   Next: 44%
Magic:  8/8        EV:  8    Int: 11    God:
Gold:   176        SH: 11    Dex: 10    Spells: 7/7 levels left

rFire    . . .     SeeInvis +   a - +0 war axe
rCold    . . .     Faith    .   c - +1 kite shield
rNeg     . . .     Spirit   .   v - +2 chain mail {rPois}
rPois    +         Reflect  .   (helmet unavailable)
rElec    .         Harm     .   (no cloak)
rCorr    .         Rampage  .   (no gloves)
Will     +....                  (no boots)
Stlth    ..........             (no amulet)
HPRegen  0.20/turn              k - ring of willpower
MPRegen  0.11/turn              (no ring)

@: studying Dodging
A: permanent stasis, dig shafts and tunnels, antennae 3, four strong arms, no
potion heal 1
a: Dig, Shaft Self


You were on level 5 of the Dungeon.
You visited 1 branch of the dungeon, and saw 5 of its levels.

You collected 176 gold pieces.

Inventory:

Hand Weapons
 a - a +0 war axe (weapon)
 b - a +0 hand crossbow
 n - a +0 dagger of venom
 B - a +0 hunting sling
Missiles
 f - 98 stones (quivered)
 g - 79 bolts
 p - 30 poisoned darts
 y - 6 atropa-tipped darts
Armour
 c - a +1 kite shield (worn)
 m - a +0 plate armour
 v - a +2 chain mail of poison resistance (worn)
Magical Staves
 o - a staff of poison
 s - a staff of earth
Jewellery
 k - a ring of willpower (left hand)
Scrolls
 d - a scroll of identify {unknown}
Potions
 q - a potion of magic {unknown}
 r - a potion of heal wounds {unknown}
 u - a potion of brilliance {unknown}
 w - a potion of mutation
 A - a potion of cancellation {unknown}


   Skills:
 - Level 5.0 Fighting
 - Level 4.0 Axes
 - Level 5.0 Armour
 + Level 6.4 Dodging
 - Level 6.0 Shields


You had 7 spell levels left.
You didn't know any spells.
Your spell library contained the following spells:

 Spells                   Type           Power      Damage    Failure   Level
 Animate Skeleton         Necr           0%         N/A       99%         1
 Beastly Appendage        Tmut           0%         N/A       99%         1
 Wereblood                Tmut           0%         N/A       100%        2
 Call Canine Familiar     Summ           0%         N/A       100%        3
 Portal Projectile        Hex/Tloc       0%         N/A       100%        3
 Spider Form              Tmut/Pois      0%         N/A       100%        3
 Leda's Liquefaction      Hex/Erth       0%         N/A       100%        4
 Ignition                 Fire           0%         3d3       100%        8
 Death's Door             Necr           0%         N/A       100%        9


Dungeon Overview and Level Annotations

Branches:
Dungeon (5/15)
 Temple: D:4-7

Altars:

Annotations:
D:3 1 runed translucent door, Crazy Yiuf


Innate Abilities, Weirdness & Mutations

You cannot be hasted, slowed, berserked, paralysed or teleported.
You can dig through walls and to a lower floor.
You have a pair of large antennae on your head. (SInv)
Your four strong arms can wield two-handed weapons with a shield.
Potions are less effective at restoring your health.


Message History

Okay, then.
It was a potion of ambrosia.
You are confused.
Your system partially rejects the healing.
You feel invigorated. The gnoll hits you with a +0 flail.
* * * LOW HITPOINT WARNING * * *
The gnoll hits you with a +0 flail.
* * * LOW HITPOINT WARNING * * *
You slash the gnoll!
The gnoll is severely wounded.
You closely miss the gnoll. The gnoll hits you but does no damage.
The gnoll barely misses you. x2
You barely miss the gnoll.
The gnoll is severely wounded.
You barely miss the gnoll. The gnoll barely misses you.
The gnoll hits you but does no damage. x2
The gnoll hits you with a +0 flail.
* * * LOW HITPOINT WARNING * * *
You're too confused to move!
The gnoll hits you but does no damage. The gnoll hits you but does no damage.
You barely miss the gnoll.
The gnoll is severely wounded.
Your chain mail prevents you from hitting the gnoll.
You miss the gnoll.
You feel less invigorated.
You feel less confused. The gnoll hits you with a +0 flail!
* * * LOW HITPOINT WARNING * * *
You block the gnoll's attack. The gnoll hits you with a +0 flail.
* * * LOW HITPOINT WARNING * * *
You block the gnoll's attack.
Your shield and chain mail prevent you from hitting the gnoll.
The gnoll is severely wounded.
You completely miss the gnoll. You closely miss the gnoll.
The gnoll hits you but does no damage. The gnoll hits you with a +0 flail.
* * * LOW HITPOINT WARNING * * *
You block the gnoll's attack.
You hit the gnoll but do no damage.
The gnoll is severely wounded.
You closely miss the gnoll. x2; The gnoll hits you with a +0 whip.
You die...

#.....##+####+## ..#
##.........#...####...#..
#.........#...):........
#.........+g..#.........
###.........#...#.........
#...........###'####...:.#
##.#................#######
...............ggg..#
###..#######....@...#
...... #........# ........
#........# #........
#..####### ######. #..# {
#..# #..#


You could see 3 gnolls.

Vanquished Creatures
  Grinder (D:3)
  A black bear (D:5)
  A necrophage (D:4)
  An ogre (D:4)
  A scorpion (D:5)
  A water moccasin skeleton (D:5)
  2 hounds (D:5)
  An orc priest (D:2)
  A centaur skeleton (D:4)
  2 iguanas
  A scorpion zombie (D:5)
  An orc wizard (D:2)
  Robin (D:2)
  A gnoll (D:5)
  10 adders
  An ufetubus (D:5)
  An adder skeleton (D:3)
  A worm (D:2)
  2 dart slugs
  6 orcs
  9 ball pythons
  12 endoplasms
  6 giant cockroaches
  12 goblins
  10 hobgoblins
  5 jackals
  2 quokkas (D:3)
  3 bats
  4 frilled lizards
  12 kobolds
  4 rats
  2 bushes (D:1)
118 creatures vanquished.

Vanquished Creatures (others)
  14 plants (D:1)
14 creatures vanquished.

Grand Total: 132 creatures vanquished

Notes
Turn   | Place    | Note
-------+----------+-------------------------------------------
     0 | D:1      | potato4science the Formicid Fighter began the quest for the
                  | Orb.
     0 | D:1      | Reached XP level 1. HP: 18/18 MP: 1/1
    39 | D:1      | Reached skill level 1 in Dodging
    65 | D:1      | Reached XP level 2. HP: 12/24 MP: 2/2
   493 | D:1      | Found a faded altar of an unknown god.
   503 | D:1      | Reached XP level 3. HP: 28/29 MP: 3/3
  1208 | D:2      | Noticed Robin
  1216 | D:1      | Reached XP level 4. HP: 28/35 MP: 4/4
  1387 | D:2      | Killed Robin
  2245 | D:2      | Reached XP level 5. HP: 26/42 MP: 5/5
  3044 | D:3      | Reached skill level 5 in Shields
  3099 | D:3      | Reached XP level 6. HP: 48/48 MP: 6/6
  3669 | D:3      | Found a runed translucent door.
  3670 | D:3      | Noticed Crazy Yiuf
  3736 | D:3      | Noticed Grinder
  3763 | D:3      | Killed Grinder
  3764 | D:3      | Reached XP level 7. HP: 29/55 MP: 7/7
  4306 | D:4      | Reached skill level 5 in Fighting
  4949 | D:4      | Got Viuwopn's Handbook of Unholy Arts and the Arsonist
  5288 | D:5      | Entered Level 5 of the Dungeon
  5294 | D:5      | Reached skill level 5 in Armour
  5294 | D:5      | Reached XP level 8. HP: 62/62 MP: 8/8
  5300 | D:5      | Identified a scroll of acquirement
  5300 | D:5      | Acquired a manual of Dodging
  5487 | D:5      | Reached skill level 5 in Dodging
  5739 | D:5      | Gained mutation: Potions are less effective at restoring
                  | your health. [potion of mutation]
  5739 | D:5      | Gained mutation: You are partially covered in iridescent
                  | scales. (AC +2) [potion of mutation]
  5739 | D:5      | Lost mutation: You are partially covered in iridescent
                  | scales. (AC +2) [potion of mutation]
  5748 | D:5      | Slain by a gnoll

Illustrated notes

Levels and vault maps discovered:
D:1:      roderic_chinese_lattice_arrival, layout_rooms,
          hellmonk_ecumenical_altar_crossroads, serial_forest,
          infiniplex_forest_lined_3, infiniplex_forest_lined_1,
          infiniplex_forest_end_2, infiniplex_forest_split,
          infiniplex_forest_clump_small, infiniplex_forest_clump_tiny
D:2:      layout_basic, uniq_robin
D:3:      layout_loops_ring, minmay_ruptured, uniq_crazy_yiuf_cottage,
          uniq_grinder
D:4:      layout_cave_pools
D:5:      layout_gridville, minmay_temple_entry_water_ring,
          portal_sewer_entry_b, gammafunk_ghost_cemetery, grunt_ministairs_12,
          sigmund_edmund_badplayer

Skill      XL: |  1  2  3  4  5  6  7  8 |
---------------+-------------------------+-----
Dodging        | 1 2 3 6 |  6.4
Shields        | 4 5 6 |  6.0
Axes           | 3 4 |  4.0
Armour         | 4 5 |  5.0
Fighting       | 4 5 |  5.0

Action                   |  1- 3 |  4- 6 |  7- 9 || total
-------------------------+-------+-------+-------++-------
Melee: War axe           |   202 |   146 |   147 ||   495
 Fire: Hunting sling     |       |    10 |    21 ||    31
       Hand crossbow     |       |       |     8 ||     8
Throw: Stone             |    33 |    87 |     9 ||   129
 Abil: Dig               |     4 |       |       ||     4
  Use: Scroll            |       |       |     7 ||     7
       Potion            |       |       |     3 ||     3
Armor: Scale mail        |    35 |     5 |       ||    40
       Plate armour      |       |    58 |       ||    58
       Chain mail        |       |       |    85 ||    85
Dodge: Dodged            |    42 |    22 |    61 ||   125
Block: Kite shield       |    54 |    76 |    97 ||   227
